[ AOE2 MATCH · #506351258 ]
UnrankedVikings vs Mongols
Player's team · LOSS
Rival team · WIN
[ REPLAY ANALYSIS · EXTRACTED FROM THE RECORDED GAME ]
Feudal
11:18
Castle
24:55
Imperial
39:07
| APM avg | 50.8 |
| APM peak | 93 |
| eAPM avg | 27.2 |
| Villagers / military | 102 / 126 |
Focus
⚔️ 30.5% · 🌾 69.5%
Militia ×105 · Scorpion ×11 · Battering Ram ×8 · Monk ×1 · Mangonel ×1
Feudal
9:45
Castle
21:56
Imperial
41:38
| APM avg | 64.4 |
| APM peak | 103 |
| eAPM avg | 26.2 |
| Villagers / military | 142 / 74 |
Focus
⚔️ 33.2% · 🌾 66.8%
Cavalry Archer ×37 · Mangudai ×12 · Scout Cavalry ×9 · Trebuchet (Packed) ×6 · Knight ×3 · Steppe Lancer ×3
Match map
Initial resources + every placement click. Lines = walls · curves = elevation contours. ◆ gold · ⬟ stone · ● berries · ✦ relic · ◌ wall gap
Your base· Open — unwalled flank
Serpe Chiacchierina's base· Open — 3t gap
Smoothed initial terrain · ◌ = detected wall gap · hover for details
Inputs per minute
— Duc Duong - - Serpe Chiacchierina
Build order — Duc Duong
First 150 of 413 actions detected
| 0:00 | Queue | Villager (Male) |
| 0:00 | Queue | Villager (Male) |
| 0:03 | Build | House |
| 0:05 | Build | House |
| 0:10 | Queue | Villager (Male) |
| 0:10 | Queue | Villager (Male) |
| 1:24 | Queue | Villager (Male) |
| 1:24 | Queue | Villager (Male) |
| 1:59 | Queue | Villager (Male) |
| 2:13 | Queue | Villager (Male) |
| 2:13 | Queue | Villager (Male) |
| 2:19 | Build | Lumber Camp |
| 2:41 | Queue | Villager (Male) |
| 2:56 | Queue | Villager (Male) |
| 2:56 | Queue | Villager (Male) |
| 3:22 | Queue | Villager (Male) |
| 3:22 | Queue | Villager (Male) |
| 3:31 | Queue | Villager (Male) |
| 3:32 | Queue | Villager (Male) |
| 4:03 | Queue | Villager (Male) |
| 4:03 | Queue | Villager (Male) |
| 4:15 | Build | House |
| 4:34 | Build | Mill |
| 4:43 | Queue | Villager (Male) |
| 4:43 | Queue | Villager (Male) |
| 4:53 | Build | House |
| 5:13 | Queue | Villager (Male) |
| 5:40 | Queue | Villager (Male) |
| 5:54 | Queue | Villager (Male) |
| 5:54 | Queue | Villager (Male) |
| 6:35 | Build | Barracks |
| 6:37 | Queue | Villager (Male) |
| 6:37 | Queue | Villager (Male) |
| 7:28 | Queue | Militia |
| 7:28 | Queue | Militia |
| 7:28 | Queue | Militia |
| 7:52 | Queue | Villager (Male) |
| 7:52 | Queue | Villager (Male) |
| 7:53 | Queue | Villager (Male) |
| 8:01 | Build | Mill |
| 9:08 | Research | Feudal Age |
| 9:08 | Research | Feudal Age |
| 9:12 | Build | Mining Camp |
| 10:33 | Build | House |
| 10:35 | Build | House |
| 11:10 | Build | Barracks |
| 11:18 | Age | Feudal Age |
| 11:28 | Research | Man-at-Arms (upgrade) |
| 11:28 | Research | Man-at-Arms (upgrade) |
| 11:29 | Research | Arson |
| 11:30 | Research | Arson |
| 11:32 | Queue | Militia |
| 11:32 | Queue | Militia |
| 11:34 | Queue | Villager (Male) |
| 11:34 | Queue | Villager (Male) |
| 11:41 | Build | House |
| 11:43 | Build | Palisade Wall |
| 12:31 | Queue | Villager (Male) |
| 12:33 | Build | Farm |
| 12:34 | Build | Farm |
| 12:36 | Queue | Villager (Male) |
| 12:36 | Queue | Villager (Male) |
| 12:42 | Build | Farm |
| 12:44 | Build | Farm |
| 12:45 | Build | Farm |
| 12:47 | Build | Farm |
| 12:52 | Queue | Militia |
| 12:52 | Queue | Militia |
| 12:52 | Queue | Militia |
| 12:52 | Queue | Militia |
| 13:23 | Queue | Militia |
| 13:35 | Build | House |
| 13:37 | Build | Palisade Wall |
| 13:41 | Build | Palisade Wall |
| 13:47 | Queue | Villager (Male) |
| 13:47 | Queue | Villager (Male) |
| 13:48 | Queue | Villager (Male) |
| 13:51 | Build | Farm |
| 13:52 | Build | Farm |
| 14:02 | Build | Farm |
| 14:19 | Queue | Villager (Male) |
| 14:24 | Build | Lumber Camp |
| 14:27 | Queue | Militia |
| 14:28 | Queue | Militia |
| 14:49 | Build | Farm |
| 15:03 | Research | Loom |
| 15:03 | Research | Loom |
| 15:24 | Build | Palisade Wall |
| 15:26 | Build | Palisade Wall |
| 15:28 | Build | Palisade Wall |
| 15:31 | Build | Palisade Wall |
| 15:46 | Queue | Villager (Male) |
| 15:54 | Build | Palisade Wall |
| 16:02 | Queue | Militia |
| 16:03 | Queue | Militia |
| 16:19 | Build | Palisade Wall |
| 16:32 | Build | Farm |
| 16:32 | Queue | Villager (Male) |
| 16:51 | Queue | Militia |
| 16:59 | Queue | Villager (Male) |
| 17:05 | Build | Farm |
| 17:05 | Build | Farm |
| 17:07 | Build | Farm |
| 17:09 | Build | House |
| 17:11 | Build | House |
| 17:24 | Build | House |
| 17:25 | Build | House |
| 17:26 | Build | House |
| 17:29 | Queue | Villager (Male) |
| 17:34 | Build | Farm |
| 17:34 | Queue | Militia |
| 17:35 | Queue | Militia |
| 17:58 | Queue | Villager (Male) |
| 18:01 | Build | Farm |
| 18:06 | Build | House |
| 18:15 | Queue | Militia |
| 18:15 | Queue | Militia |
| 18:19 | Queue | Villager (Male) |
| 18:22 | Build | Market |
| 18:29 | Build | Farm |
| 18:34 | Queue | Villager (Male) |
| 18:40 | Build | Blacksmith |
| 18:53 | Research | Horse Collar |
| 18:53 | Research | Horse Collar |
| 18:54 | Research | Double-Bit Axe |
| 18:54 | Research | Double-Bit Axe |
| 18:55 | Queue | Villager (Male) |
| 19:05 | Queue | Villager (Male) |
| 19:07 | Queue | Villager (Male) |
| 19:26 | Queue | Militia |
| 19:26 | Queue | Militia |
| 19:43 | Build | Farm |
| 19:58 | Build | Farm |
| 20:02 | Queue | Villager (Male) |
| 20:09 | Research | Forging |
| 20:09 | Research | Forging |
| 20:10 | Research | Scale Mail Armor |
| 20:10 | Research | Scale Mail Armor |
| 20:15 | Queue | Militia |
| 20:17 | Queue | Militia |
| 20:42 | Queue | Villager (Male) |
| 20:51 | Queue | Villager (Male) |
| 21:03 | Build | Farm |
| 21:48 | Build | Palisade Wall |
| 21:59 | Queue | Villager (Male) |
| 22:15 | Research | Castle Age |
| 22:15 | Research | Castle Age |
| 22:27 | Queue | Militia |
| 22:27 | Queue | Militia |
| 22:36 | Build | Lumber Camp |
Build order — Serpe Chiacchierina
First 150 of 349 actions detected
| 0:00 | Queue | Villager (Male) |
| 0:00 | Queue | Villager (Male) |
| 0:01 | Queue | Villager (Male) |
| 0:02 | Build | House |
| 0:03 | Build | House |
| 0:10 | Queue | Villager (Male) |
| 0:11 | Queue | Villager (Male) |
| 1:26 | Queue | Villager (Male) |
| 1:26 | Queue | Villager (Male) |
| 1:49 | Build | Lumber Camp |
| 2:03 | Queue | Villager (Male) |
| 2:04 | Queue | Villager (Male) |
| 2:15 | Queue | Villager (Male) |
| 2:49 | Queue | Villager (Male) |
| 3:11 | Queue | Villager (Male) |
| 3:40 | Queue | Villager (Male) |
| 3:55 | Build | House |
| 4:01 | Build | Mill |
| 4:09 | Queue | Villager (Male) |
| 4:09 | Queue | Villager (Male) |
| 4:35 | Queue | Villager (Male) |
| 5:04 | Queue | Villager (Male) |
| 5:04 | Queue | Villager (Male) |
| 5:08 | Research | Loom |
| 5:41 | Queue | Villager (Male) |
| 6:20 | Queue | Villager (Male) |
| 6:20 | Queue | Villager (Male) |
| 6:52 | Queue | Villager (Male) |
| 7:15 | Build | House |
| 7:35 | Research | Feudal Age |
| 7:43 | Build | Barracks |
| 8:34 | Build | Mill |
| 8:42 | Build | House |
| 8:49 | Queue | Villager (Male) |
| 9:26 | Build | Farm |
| 9:39 | Build | Palisade Wall |
| 9:41 | Queue | Villager (Male) |
| 9:45 | Age | Feudal Age |
| 9:47 | Build | Stable |
| 9:59 | Research | Double-Bit Axe |
| 9:59 | Research | Horse Collar |
| 10:03 | Build | Farm |
| 10:12 | Build | House |
| 10:23 | Build | Palisade Wall |
| 10:25 | Build | Palisade Wall |
| 10:29 | Queue | Villager (Male) |
| 10:32 | Queue | Spearman |
| 10:34 | Queue | Scout Cavalry |
| 10:34 | Queue | Scout Cavalry |
| 10:38 | Queue | Villager (Male) |
| 10:39 | Build | Farm |
| 10:39 | Build | Farm |
| 10:39 | Build | Farm |
| 10:47 | Build | Palisade Wall |
| 10:56 | Build | Farm |
| 11:00 | Queue | Scout Cavalry |
| 11:04 | Build | Farm |
| 11:24 | Build | Farm |
| 11:26 | Build | Mining Camp |
| 11:48 | Queue | Villager (Male) |
| 12:15 | Queue | Scout Cavalry |
| 12:27 | Queue | Villager (Male) |
| 12:29 | Build | Farm |
| 12:30 | Build | Farm |
| 12:30 | Build | Farm |
| 12:35 | Queue | Spearman |
| 12:55 | Queue | Villager (Male) |
| 13:22 | Queue | Villager (Male) |
| 13:25 | Build | Farm |
| 13:25 | Build | Farm |
| 13:25 | Build | Farm |
| 13:29 | Queue | Scout Cavalry |
| 13:38 | Build | House |
| 13:45 | Queue | Villager (Male) |
| 14:03 | Queue | Scout Cavalry |
| 14:11 | Queue | Villager (Male) |
| 14:12 | Build | Farm |
| 14:13 | Build | Farm |
| 14:13 | Build | Farm |
| 14:24 | Build | Gate |
| 14:26 | Build | Stone Wall |
| 14:29 | Queue | Villager (Male) |
| 14:32 | Queue | Villager (Male) |
| 14:48 | Build | House |
| 14:51 | Build | House |
| 15:06 | Queue | Villager (Male) |
| 15:11 | Build | Stone Wall |
| 15:13 | Build | Stone Wall |
| 15:16 | Queue | Villager (Male) |
| 15:42 | Build | House |
| 15:45 | Build | House |
| 15:47 | Build | House |
| 15:54 | Build | Stone Wall |
| 15:55 | Build | Stone Wall |
| 16:00 | Build | Stone Wall |
| 16:04 | Build | House |
| 16:16 | Queue | Villager (Male) |
| 16:19 | Queue | Scout Cavalry |
| 16:27 | Build | House |
| 16:33 | Build | Stone Wall |
| 17:09 | Build | Market |
| 17:19 | Queue | Villager (Male) |
| 17:19 | Queue | Villager (Male) |
| 17:45 | Build | Stone Wall |
| 17:48 | Build | Lumber Camp |
| 18:08 | Queue | Villager (Male) |
| 18:31 | Queue | Villager (Male) |
| 18:56 | Build | House |
| 19:00 | Build | House |
| 19:06 | Build | House |
| 19:16 | Research | Castle Age |
| 19:46 | Build | Archery Range |
| 19:52 | Build | Blacksmith |
| 20:08 | Queue | Villager (Male) |
| 20:43 | Research | Fletching |
| 20:43 | Research | Fletching |
| 21:03 | Queue | Villager (Male) |
| 21:50 | Build | Archery Range |
| 21:56 | Age | Castle Age |
| 21:58 | Queue | Cavalry Archer |
| 21:58 | Queue | Cavalry Archer |
| 22:11 | Research | Bodkin Arrow |
| 22:40 | Build | University |
| 22:49 | Queue | Villager (Male) |
| 22:50 | Queue | Villager (Male) |
| 22:55 | Queue | Cavalry Archer |
| 22:55 | Queue | Cavalry Archer |
| 22:55 | Queue | Cavalry Archer |
| 22:56 | Queue | Cavalry Archer |
| 22:56 | Queue | Cavalry Archer |
| 23:12 | Queue | Cavalry Archer |
| 23:13 | Queue | Villager (Male) |
| 23:41 | Research | Bloodlines |
| 24:27 | Research | Heavy Plow |
| 24:30 | Queue | Villager (Male) |
| 24:32 | Queue | Cavalry Archer |
| 24:33 | Queue | Cavalry Archer |
| 24:35 | Build | Farm |
| 24:36 | Build | House |
| 24:43 | Queue | Villager (Male) |
| 24:49 | Build | Farm |
| 25:07 | Queue | Villager (Male) |
| 25:26 | Queue | Villager (Male) |
| 25:30 | Queue | Cavalry Archer |
| 25:31 | Queue | Cavalry Archer |
| 25:31 | Queue | Cavalry Archer |
| 25:48 | Queue | Cavalry Archer |
| 25:49 | Queue | Cavalry Archer |
| 25:59 | Research | Thumb Ring |
| 26:33 | Queue | Cavalry Archer |
Match timeline
| 6:35 | Duc Duong · first_building Barracks |
| 7:43 | Serpe Chiacchierina · first_building Barracks |
| 9:39 | Serpe Chiacchierina · wall_segment Palisade Wall x1 |
| 9:45 | Serpe Chiacchierina · age_up feudal |
| 9:47 | Serpe Chiacchierina · first_building Stable |
| 10:23 | Serpe Chiacchierina · wall_segment Palisade Wall x1 |
| 10:25 | Serpe Chiacchierina · wall_segment Palisade Wall x1 |
| 10:47 | Serpe Chiacchierina · wall_segment Palisade Wall x1 |
| 11:18 | Duc Duong · age_up feudal |
| 11:43 | Duc Duong · wall_segment Palisade Wall x1 |
| 13:37 | Duc Duong · wall_segment Palisade Wall x1 |
| 13:41 | Duc Duong · wall_segment Palisade Wall x3 |
| 14:26 | Serpe Chiacchierina · wall_segment Stone Wall x1 |
| 15:11 | Serpe Chiacchierina · wall_segment Stone Wall x1 |
| 15:13 | Serpe Chiacchierina · wall_segment Stone Wall x1 |
| 15:24 | Duc Duong · wall_segment Palisade Wall x1 |
| 15:26 | Duc Duong · wall_segment Palisade Wall x1 |
| 15:28 | Duc Duong · wall_segment Palisade Wall x1 |
| 15:31 | Duc Duong · wall_segment Palisade Wall x1 |
| 15:54 | Duc Duong · wall_segment Palisade Wall x1 |
| 15:54 | Serpe Chiacchierina · wall_segment Stone Wall x1 |
| 15:55 | Serpe Chiacchierina · wall_segment Stone Wall x1 |
| 16:00 | Serpe Chiacchierina · wall_segment Stone Wall x1 |
| 16:19 | Duc Duong · wall_segment Palisade Wall x1 |
| 16:33 | Serpe Chiacchierina · wall_segment Stone Wall x1 |
| 17:45 | Serpe Chiacchierina · wall_segment Stone Wall x1 |
| 18:19 | Serpe Chiacchierina · first_market_buy 100 food |
| 19:46 | Serpe Chiacchierina · first_building Archery Range |
| 21:48 | Duc Duong · wall_segment Palisade Wall x1 |
| 21:56 | Serpe Chiacchierina · age_up castle |
| 22:06 | Duc Duong · first_market_sell 100 wood |
| 22:09 | Duc Duong · first_market_buy 100 food |
| 24:55 | Duc Duong · age_up castle |
| 25:22 | Duc Duong · first_building Siege Workshop |
| 34:50 | Duc Duong · first_building Monastery |
| 34:57 | Serpe Chiacchierina · first_building Castle |
| 37:52 | Serpe Chiacchierina · first_market_sell 100 wood |
| 39:07 | Duc Duong · age_up imperial |
| 39:43 | Duc Duong · first_building Castle |
| 40:54 | Serpe Chiacchierina · first_building Siege Workshop |
| 41:38 | Serpe Chiacchierina · age_up imperial |
| 46:34 | Duc Duong · resign |
[ AI ANALYSIS · 1 CREDIT ]
What really happened in this match?
Wolo.gg analyzes every decision: build order, eco, micro, common mistakes by bracket. Personalized analysis on WhatsApp or Discord in 30 seconds.
Civ guide
Vikings
Perfil
Jugador #4844045